 Dungeon Crawl Stone Soup version 0.31-a0-182-gc5ef74bbde (webtiles) character file.

Game seed: 14439079254698933479

9555 qw the Cleaver (level 11, -1/71 HPs)
             Began as a Gargoyle Fighter on June 21, 2023.
             Was a Priest of Okawaru.
             Slain by a death yak (18 damage)
             ... on level 9 of the Dungeon.
             The game lasted 00:04:57 (10107 turns).

qw the Cleaver (Gargoyle Fighter)                  Turns: 10107, Time: 00:04:57

Health: -1/71      AC: 26    Str: 26    XL:     11   Next: 48%
Magic:  13/14      EV: 11    Int: 13    God:    Okawaru [***...]
Gold:   297        SH:  6    Dex:  9    Spells: 10/10 levels left

rFire   . . .        Y - +3 war axe
rCold   . . .        c - +0 buckler
rNeg    + . .        g - +0 chain mail
rPois   inf          h - +1 helmet
rElec   +            o - +0 cloak
rCorr   .            (no gloves)
SInv    .            i - +0 pair of boots
Will    +....        s - amulet "Feapt" {Faith Str+3 Int+3} Stlth
                     n - ring of willpower
HPRegen 0.31/turn    (no ring)
MPRegen 0.14/turn

%: faith
@: heroic
A: sickness immunity, AC +8, negative energy resistance 1, electricity
resistance, torment resistance 1, petrification resistance
a: Renounce Religion, Heroism


You were on level 9 of the Dungeon.
You worshipped Okawaru.
Okawaru was most pleased with you.
You visited 2 branches of the dungeon, and saw 10 of its levels.
You also visited: Sewer.

You collected 447 gold pieces.
You spent 150 gold pieces at shops.


Innate Abilities, Weirdness & Mutations

You are immune to sickness and miasma.
Your stone body is resilient. (AC +8)
You are immune to poison.
You resist negative energy. (rN+)
You are resistant to electric shocks. (rElec)
You are resistant to unholy torment.
You are immune to petrification.


   Skills:
 + Level 9.4(14.4) Fighting
 - Level 12.0(17.0) Axes
 - Level 1.0(6.0) Throwing
 - Level 7.3(12.3) Armour
 - Level 2.1(7.1) Dodging
 - Level 6.2(11.2) Shields
 - Level 4.0 Invocations


You had 10 spell levels left.
You didn't know any spells.
Your spell library was empty.

Inventory:

Hand Weapons
 m - a +0 flail
 Y - a +3 war axe (weapon)
Armour
 c - a +0 buckler (worn)
 g - a +0 chain mail (worn)
 h - a +1 helmet (worn)
 i - a +0 pair of boots (worn)
 o - a +0 cloak (worn)
 r - a +2 robe of resistance
Jewellery
 n - a ring of willpower (left hand)
 q - a +4 ring of protection
 s - the amulet "Feapt" (around neck) {Faith Str+3 Int+3}
   (You found it on level 8 of the Dungeon)

   [amulet of faith]

   It allows you to gain divine favour quickly.
   Str:       It affects your strength (+3).
   Int:       It affects your intelligence (+3).
Wands
 k - a wand of digging (5)
Scrolls
 b - a scroll of amnesia {unknown}
 e - 5 scrolls of identify
Potions
 a - 4 potions of curing
 d - a potion of might
 f - a potion of haste
 j - a potion of attraction
 l - 2 potions of lignification
 p - 2 potions of cancellation

Dungeon Overview and Level Annotations

Branches:
Dungeon (9/15)             Temple (1/1) D:5            Lair (0/5) D:9
  Sewer (visited)
    Orc: D:9-12

Altars:
Ashenzari
Cheibriados
Dithmenos
Elyvilon
Fedhas
Gozag
Hepliaklqana
Kikubaaqudgha
Makhleb
Nemelex Xobeh
Okawaru
Qazlal
Ru
Sif Muna
Trog
Uskayaw
Vehumet
Wu Jian
Xom
Yredelemnul
Zin
The Shining One

Shops:
D:7 *

Annotations:
D:4 1 runed translucent door, Crazy Yiuf


Message History

The death yak gores you!
You hit the death yak.
The death yak is heavily wounded.
The death yak gores you but does no damage.
You hit the death yak.
The death yak is heavily wounded.
The death yak gores you.
You hit the death yak.
The death yak is heavily wounded.
You slash the death yak!
The death yak is severely wounded.
The death yak gores you.
You slash the death yak!
The death yak is almost dead.
You hit the death yak but do no damage.
The death yak gores you but does no damage. x2
You hit the death yak but do no damage.
The death yak is almost dead.
You hit the death yak. You hit the death yak but do no damage.
The death yak is almost dead.
You hit the death yak but do no damage. The death yak misses you.
The death yak gores you but does no damage.
You slash the death yak!
You kill the death yak!
Okawaru is honoured by your kill.
Okawaru will now gift you throwing weapons as you gain piety.
You hit the death yak. The death yak gores you!
Your base Shields skill increases to level 6!
You hit the death yak.
The death yak is lightly wounded.
The death yak gores you!
You hit the death yak.
The death yak is moderately wounded.
You hit the death yak but do no damage.
The death yak is moderately wounded.
The death yak gores you!!
You die...

.# ###.# #...# #.........#
.######.## #...####..).......
.....###.# #...##............
.......Y#######...##.##..#...#
........ ..................#
........ .............)))##
#.>.....
.............<#.#######
#.......
####.Y.#######.......o
........ #.@.# ##.###.###
........ #...# #..# .. #...#
##.## ##. #...# #..# Y. ..
#...#####.## Y##. # #.##
##.....##..# .##..## ..#
#......##.##
......###.####......#..# ..
#.#.#.#.#.#.#.#.#.#.#.###.#


You could see a death yak.

Vanquished Creatures
  2 two-headed ogres
  4 death yaks (D:9)
  Pikel (D:7)
  Maggie (D:8)
  A kobold demonologist (D:9)
  A hornet (D:9)
  A wyvern (D:9)
  A golden eye (shapeshifter) (D:9)
  Edmund (D:6)
  A steam dragon (D:9)
  2 water moccasins
  Duvessa (D:6)
  2 ice beasts
  2 sky beasts
  A black bear (D:5)
  Pargi (Sewer)
  2 orc warriors
  An ogre (D:7)
  6 centaurs
  A kobold brigand (D:8)
  Blork the orc (D:6)
  A gnoll sergeant (D:9)
  3 bullfrogs
  4 scorpions
  Dowan (D:6)
  11 wights
  5 killer bees
  9 orc priests
  5 hounds
  4 jellies
  4 iguanas
  Ijyb (D:3)
  A sleepcap (D:6)
  Natasha (twice) (D:3)
  11 orc wizards
  Robin (D:3)
  7 gnolls
  8 adders
  A shadow imp (D:6)
  2 white imps
  3 ufetubi
  A worm (D:3)
  3 dart slugs
  29 orcs
  2 ball pythons
  8 endoplasms
  3 giant cockroaches
  12 goblins
  9 hobgoblins
  5 jackals
  7 quokkas
  13 bats
  4 frilled lizards
  15 kobolds
  6 rats
235 creatures vanquished.

Notes
Turn   | Place    | Note
-------+----------+-------------------------------------------
     0 | D:1      | qw the Gargoyle Fighter began the quest for the Orb.
     0 | D:1      | Reached XP level 1. HP: 14/14 MP: 1/1
     0 | D:1      | 0 ||| qw: Version: 0.3-a-9-g12657ce
     0 | D:1      | 0 ||| qw: Game counter: 1627
     0 | D:1      | 0 ||| qw: Always use a shield: true
     0 | D:1      | 0 ||| qw: God list: Okawaru
     0 | D:1      | 0 ||| qw: Allow faded altars: false
     0 | D:1      | 0 ||| qw: Do Orc after D:15 true
     0 | D:1      | 0 ||| qw: Do second Lair branch before Depths: true
     0 | D:1      | 0 ||| qw: Lair rune preference: random
     0 | D:1      | 0 ||| qw: Plans: Normal, Zot:1-4, Slime:5, God:TSO, Crypt,
                  | Tomb, Abyss, Pan, Hells, Win
     0 | D:1      | 0 ||| PLANNING D:1-11
    68 | D:1      | Reached skill level 2 in Axes
   150 | D:1      | Reached XP level 2. HP: 19/19 MP: 2/2
   313 | D:1      | 313 ||| Stepping ~*~*~tactically~*~*~ (hiding).
   464 | D:1      | 464 ||| Stepping ~*~*~tactically~*~*~ (stealth).
   469 | D:1      | 469 ||| Stepping ~*~*~tactically~*~*~ (stealth).
   475 | D:1      | 475 ||| Stepping ~*~*~tactically~*~*~ (hiding).
   546 | D:1      | Reached skill level 3 in Axes
   605 | D:1      | Reached XP level 3. HP: 23/23 MP: 3/3
   989 | D:1      | 989 ||| UPGRADING to +0 chain mail.
   999 | D:1      | 999 ||| DROPPING +0 scale mail.
  1000 | D:1      | 1000 ||| READING scroll labelled RIRINA KAACH.
  1001 | D:1      | 1001 ||| READING scroll labelled PEUGAM HAKYOFO.
  1002 | D:1      | 1002 ||| READING scroll labelled SYUQON PUF LAN.
  1006 | D:1      | 1006 ||| READING scroll labelled OBLULA XUZUTZ.
  1261 | D:2      | 1261 ||| DROPPING +0 whip.
  1394 | D:2      | Reached XP level 4. HP: 28/28 MP: 4/4
  1883 | D:2      | 1883 ||| UPGRADING to +0 pair of boots.
  1888 | D:2      | 1888 ||| READING scroll labelled ODUAXA AQOAG.
  1889 | D:2      | 1889 ||| READING scroll labelled QAERELLOYRGH.
  1890 | D:2      | 1890 ||| READING 2 scrolls of identify.
  1890 | D:2      | 1890 ||| IDENTIFYING cyan potion
  1919 | D:3      | 1919 ||| PLANNING SEWER
  1924 | D:3      | Noticed Robin
  1933 | D:3      | Reached skill level 4 in Axes
  1947 | D:3      | Killed Robin
  1961 | D:3      | 1961 ||| Stepping ~*~*~tactically~*~*~ (stealth).
  1974 | D:3      | Noticed Natasha
  1992 | D:3      | Killed Natasha
  2123 | D:3      | Reached XP level 5. HP: 30/32 MP: 5/5
  2129 | D:3      | Found a glowing drain.
  2130 | D:3      | 2130 ||| UPGRADING to +0 helmet.
  2135 | D:3      | 2135 ||| DRINKING 2 fizzy golden potions.
  2170 | Sewer    | Entered a sewer
  2202 | Sewer    | Noticed Pargi
  2218 | Sewer    | Killed Pargi
  2219 | Sewer    | Reached skill level 5 in Axes
  2333 | Sewer    | 2333 ||| READING 2 scrolls of identify.
  2333 | Sewer    | 2333 ||| IDENTIFYING brown potion
  2342 | D:3      | 2342 ||| PLANNING D:1-11
  2505 | D:3      | Reached XP level 6. HP: 36/37 MP: 6/6
  2521 | D:3      | 2521 ||| Stepping ~*~*~tactically~*~*~ (stealth).
  2532 | D:3      | 2532 ||| Stepping ~*~*~tactically~*~*~ (stealth).
  2588 | D:3      | Found a faded altar of an unknown god.
  2637 | D:3      | 2637 ||| Stepping ~*~*~tactically~*~*~ (hiding).
  2777 | D:3      | Noticed Natasha
  2778 | D:3      | 2778 ||| Stepping ~*~*~tactically~*~*~ (hiding).
  2786 | D:3      | Killed Natasha
  2803 | D:3      | Noticed Ijyb
  2804 | D:3      | 2804 ||| Stepping ~*~*~tactically~*~*~ (hiding).
  2805 | D:3      | 2805 ||| Stepping ~*~*~tactically~*~*~ (hiding).
  2814 | D:3      | Killed Ijyb
  2865 | D:3      | Found a shadowy altar of Dithmenos.
  2865 | D:3      | Found a shimmering altar of Xom.
  2865 | D:3      | Found an ornate altar of the Wu Jian Council.
  2865 | D:3      | Found a shimmering blue altar of Sif Muna.
  3141 | D:3      | 3141 ||| UPGRADING to +0 cloak.
  3146 | D:3      | 3146 ||| READING scroll labelled KERYRPHI JEAVAJ.
  3177 | D:3      | 3177 ||| READING scroll labelled GYRPHI WESEACHA.
  3178 | D:3      | 3178 ||| READING scroll labelled FUELOLAEFI.
  3179 | D:3      | 3179 ||| READING 2 scrolls of identify.
  3179 | D:3      | 3179 ||| IDENTIFYING murky ruby potion
  3180 | D:3      | 3180 ||| DROPPING potion of degeneration.
  3221 | D:4      | 3221 ||| Stepping ~*~*~tactically~*~*~ (hiding).
  3248 | D:4      | 3248 ||| DROPPING +0 mace.
  3262 | D:4      | 3262 ||| Stepping ~*~*~tactically~*~*~ (hiding).
  3308 | D:4      | Reached skill level 6 in Axes
  3329 | D:4      | 3329 ||| Stepping ~*~*~tactically~*~*~ (hiding).
  3339 | D:4      | Reached skill level 1 in Dodging
  3362 | D:4      | Reached XP level 7. HP: 38/43 MP: 7/7
  3374 | D:4      | 3374 ||| Stepping ~*~*~tactically~*~*~ (stealth).
  3375 | D:4      | 3375 ||| Stepping ~*~*~tactically~*~*~ (stealth).
  3376 | D:4      | 3376 ||| Stepping ~*~*~tactically~*~*~ (stealth).
  3625 | D:4      | 3625 ||| READING scroll of enchant weapon.
  3625 | D:4      | 3625 ||| ENCHANTING +1 war axe.
  3765 | D:4      | Found a runed translucent door.
  3766 | D:4      | Noticed Crazy Yiuf
  3846 | D:4      | 3846 ||| Stepping ~*~*~tactically~*~*~ (hiding).
  3851 | D:4      | Reached skill level 7 in Axes
  4039 | D:4      | 4039 ||| DROPPING +6 ring of intelligence.
  4040 | D:4      | 4040 ||| READING scroll labelled IHEFER GUITA.
  4041 | D:4      | 4041 ||| READING scroll labelled SUOKLE XONG.
  4042 | D:4      | 4042 ||| READING 2 scrolls of identify.
  4042 | D:4      | 4042 ||| IDENTIFYING fuming clear potion
  4061 | D:5      | Entered Level 5 of the Dungeon
  4108 | D:5      | Found a staircase to the Ecumenical Temple.
  4109 | D:5      | 4109 ||| PLANNING TEMPLE
  4143 | Temple   | Entered the Ecumenical Temple
  4144 | Temple   | 4144 ||| PLANNING OKAWARU WORSHIP
  4241 | Temple   | Became a worshipper of Warmaster Okawaru
  4242 | Temple   | 4242 ||| PLANNING D:1-11
  4304 | D:5      | Reached XP level 8. HP: 34/49 MP: 8/8
  4371 | D:5      | 4371 ||| Stepping ~*~*~tactically~*~*~ (hiding).
  4372 | D:5      | 4372 ||| Stepping ~*~*~tactically~*~*~ (hiding).
  4374 | D:5      | 4374 ||| Stepping ~*~*~tactically~*~*~ (hiding).
  4376 | D:5      | 4376 ||| Stepping ~*~*~tactically~*~*~ (hiding).
  4377 | D:5      | 4377 ||| Stepping ~*~*~tactically~*~*~ (hiding).
  4378 | D:5      | 4378 ||| Stepping ~*~*~tactically~*~*~ (hiding).
  4379 | D:5      | 4379 ||| Stepping ~*~*~tactically~*~*~ (hiding).
  4380 | D:5      | 4380 ||| Stepping ~*~*~tactically~*~*~ (hiding).
  4536 | D:5      | Reached skill level 1 in Throwing
  4600 | D:5      | 4600 ||| FLEEEEING.
  4601 | D:5      | 4601 ||| FLEEEEING.
  4602 | D:5      | 4602 ||| FLEEEEING.
  4675 | D:5      | Found an ancient bone altar of Kikubaaqudgha.
  4984 | D:6      | 4984 ||| Stepping ~*~*~tactically~*~*~ (stealth).
  4986 | D:6      | 4986 ||| Stepping ~*~*~tactically~*~*~ (stealth).
  4993 | D:6      | 4993 ||| Stepping ~*~*~tactically~*~*~ (hiding).
  5078 | D:6      | Found a blossoming altar of Fedhas.
  5120 | D:6      | Reached * piety under Okawaru
  5121 | D:6      | Reached skill level 8 in Axes
  5141 | D:6      | Noticed Edmund
  5143 | D:6      | 5143 ||| INVOKING Heroism.
  5144 | D:6      | 5144 ||| INVOKING Heroism.
  5162 | D:6      | Killed Edmund
  5305 | D:6      | 5305 ||| Stepping ~*~*~tactically~*~*~ (hiding).
  5340 | D:6      | Reached skill level 6 in Fighting
  5340 | D:6      | Reached skill level 1 in Invocations
  5348 | D:6      | Noticed Blork the orc
  5349 | D:6      | 5349 ||| Stepping ~*~*~tactically~*~*~ (hiding).
  5352 | D:6      | 5352 ||| Stepping ~*~*~tactically~*~*~ (hiding).
  5354 | D:6      | 5354 ||| INVOKING Heroism.
  5361 | D:6      | Killed Blork the orc
  5407 | D:6      | 5407 ||| INVOKING Heroism.
  5480 | D:6      | 5480 ||| Stepping ~*~*~tactically~*~*~ (stealth).
  5487 | D:6      | 5487 ||| Stepping ~*~*~tactically~*~*~ (stealth).
  5494 | D:6      | Reached XP level 9. HP: 51/55 MP: 10/10
  5499 | D:6      | 5499 ||| INVOKING Heroism.
  5504 | D:6      | 5504 ||| DRINKING potion of cancellation.
  5645 | D:6      | Noticed Dowan
  5646 | D:6      | 5646 ||| INVOKING Heroism.
  5646 | D:6      | Noticed Duvessa
  5648 | D:6      | Killed Dowan
  5658 | D:6      | Killed Duvessa
  5659 | D:6      | Reached skill level 9 in Axes
  5784 | D:6      | 5784 ||| Stepping ~*~*~tactically~*~*~ (hiding).
  5790 | D:6      | Reached skill level 3 in Invocations
  6090 | D:6      | 6090 ||| READING scroll labelled COG QESESULU.
  6091 | D:6      | 6091 ||| DRINKING 2 golden potions.
  6092 | D:6      | 6092 ||| DRINKING 4 potions of curing.
  6092 | D:6      | 6092 ||| (to cure confusion)
  6093 | D:6      | 6093 ||| DROPPING potion of ambrosia.
  6205 | D:7      | 6205 ||| INVOKING Heroism.
  6335 | D:7      | 6335 ||| Stepping ~*~*~tactically~*~*~ (hiding).
  6341 | D:7      | 6341 ||| INVOKING Heroism.
  6476 | D:7      | 6476 ||| READING scroll of enchant armour.
  6476 | D:7      | 6476 ||| ENCHANTING +0 helmet.
  6742 | D:7      | 6742 ||| FLEEEEING.
  6745 | D:7      | 6745 ||| FLEEEEING.
  6749 | D:7      | 6749 ||| FLEEEEING.
  6750 | D:7      | 6750 ||| FLEEEEING.
  6751 | D:7      | 6751 ||| FLEEEEING.
  6752 | D:7      | 6752 ||| FLEEEEING.
  6753 | D:7      | 6753 ||| FLEEEEING.
  6759 | D:7      | 6759 ||| STAIRDANCE
  6793 | D:7      | 6793 ||| INVOKING Heroism.
  6833 | D:7      | 6833 ||| INVOKING Heroism.
  6834 | D:7      | Found Vezun's General Store.
  6859 | D:7      | 6859 ||| BUYING potion of cancellation (120 gold).
  6859 | D:7      | Bought a potion of cancellation for 120 gold pieces
  6859 | D:7      | 6859 ||| BUYING scroll of identify (30 gold).
  6859 | D:7      | Bought a scroll of identify for 30 gold pieces
  6874 | D:7      | Noticed Pikel
  6875 | D:7      | 6875 ||| Stepping ~*~*~tactically~*~*~ (stealth).
  6877 | D:7      | 6877 ||| INVOKING Heroism.
  6888 | D:7      | Killed Pikel
  6940 | D:7      | 6940 ||| INVOKING Heroism.
  7091 | D:7      | 7091 ||| INVOKING Heroism.
  7431 | D:7      | 7431 ||| UPGRADING to ring of willpower.
  7460 | D:8      | 7460 ||| INVOKING Heroism.
  7471 | D:8      | Reached XP level 10. HP: 64/64 MP: 11/13
  7504 | D:8      | Identified the amulet "Feapt" {Faith Str+3 Int+3}
  7511 | D:8      | 7511 ||| Stepping ~*~*~tactically~*~*~ (hiding).
  7526 | D:8      | Noticed a two-headed ogre
  7527 | D:8      | 7527 ||| Stepping ~*~*~tactically~*~*~ (stealth).
  7528 | D:8      | 7528 ||| Stepping ~*~*~tactically~*~*~ (stealth).
  7532 | D:8      | Found a stormy altar of Qazlal.
  7550 | D:8      | 7550 ||| INVOKING Heroism.
  7557 | D:8      | Killed a two-headed ogre
  7558 | D:8      | Reached skill level 10 in Axes
  7564 | D:8      | 7564 ||| Stepping ~*~*~tactically~*~*~ (stealth).
  7571 | D:8      | 7571 ||| Stepping ~*~*~tactically~*~*~ (stealth).
  7572 | D:8      | 7572 ||| Stepping ~*~*~tactically~*~*~ (stealth).
  7574 | D:8      | 7574 ||| INVOKING Heroism.
  7648 | D:8      | 7648 ||| Stepping ~*~*~tactically~*~*~ (stealth).
  7730 | D:8      | 7730 ||| INVOKING Heroism.
  7895 | D:8      | 7895 ||| INVOKING Heroism.
  7903 | D:8      | Reached skill level 6 in Armour
  8054 | D:8      | 8054 ||| Stepping ~*~*~tactically~*~*~ (hiding).
  8055 | D:8      | 8055 ||| Stepping ~*~*~tactically~*~*~ (hiding).
  8063 | D:8      | 8063 ||| INVOKING Heroism.
  8298 | D:8      | Noticed Maggie
  8299 | D:8      | 8299 ||| Stepping ~*~*~tactically~*~*~ (hiding).
  8303 | D:8      | 8303 ||| INVOKING Heroism.
  8313 | D:8      | HP: 14/64 [Maggie/+0 glaive of distortion (3)]
  8314 | D:8      | 8314 ||| READING 3 scrolls of teleportation.
  8317 | D:8      | Killed Maggie
  8796 | D:8      | 8796 ||| DROPPING amulet of guardian spirit.
  8797 | D:8      | 8797 ||| UPGRADING to amulet "Feapt" {Faith Str+3 Int+3}.
  8802 | D:8      | 8802 ||| READING scroll labelled LIARPH CERHEU.
  8823 | D:9      | Noticed a two-headed ogre
  8824 | D:9      | 8824 ||| INVOKING Heroism.
  8829 | D:9      | Killed a two-headed ogre
  8829 | D:9      | Reached ** piety under Okawaru
  8830 | D:9      | Reached skill level 11 in Axes
  8927 | D:9      | 8927 ||| Stepping ~*~*~tactically~*~*~ (hiding).
  8966 | D:9      | 8966 ||| INVOKING Heroism.
  9011 | D:9      | 9011 ||| Stepping ~*~*~tactically~*~*~ (hiding).
  9021 | D:9      | 9021 ||| Stepping ~*~*~tactically~*~*~ (hiding).
  9023 | D:9      | 9023 ||| Stepping ~*~*~tactically~*~*~ (hiding).
  9025 | D:9      | 9025 ||| Stepping ~*~*~tactically~*~*~ (hiding).
  9148 | D:9      | Noticed a death yak
  9148 | D:9      | Noticed a death yak
  9148 | D:9      | Noticed a death yak
  9149 | D:9      | 9149 ||| Stepping ~*~*~tactically~*~*~ (stealth).
  9151 | D:9      | 9151 ||| INVOKING Heroism.
  9162 | D:9      | Killed a death yak
  9162 | D:9      | Noticed a death yak
  9163 | D:9      | Reached skill level 9 in Fighting
  9163 | D:9      | Reached XP level 11. HP: 52/71 MP: 12/14
  9169 | D:9      | Noticed a death yak
  9173 | D:9      | HP: 16/71 [death yak (11)]
  9174 | D:9      | 9174 ||| READING 2 scrolls of teleportation.
  9175 | D:9      | 9175 ||| INVOKING Heroism.
  9177 | D:9      | Killed a death yak
  9179 | D:9      | HP: 12/71 [death yak (6)]
  9180 | D:9      | Found a staircase to the Lair.
  9191 | D:9      | 9191 ||| FLEEEEING.
  9192 | D:9      | 9192 ||| FLEEEEING.
  9193 | D:9      | 9193 ||| FLEEEEING.
  9200 | D:9      | 9200 ||| STAIRDANCE
  9370 | D:8      | 9370 ||| DROPPING ring of flight.
  9392 | D:9      | 9392 ||| Stepping ~*~*~tactically~*~*~ (stealth).
  9394 | D:9      | 9394 ||| INVOKING Heroism.
  9403 | D:9      | Killed a death yak
  9408 | D:9      | 9408 ||| INVOKING Heroism.
  9410 | D:9      | HP: 13/71 [death yak (10)]
  9411 | D:9      | 9411 ||| READING scroll of teleportation.
  9471 | D:9      | 9471 ||| INVOKING Heroism.
  9502 | D:9      | 9502 ||| INVOKING Heroism.
  9588 | D:9      | 9588 ||| Stepping ~*~*~tactically~*~*~ (hiding).
  9593 | D:9      | Noticed a sun demon
  9593 | D:9      | 9593 ||| INVOKING Heroism.
  9597 | D:9      | HP: 5/71 [sun demon[a kobold demonologist] (15)]
  9599 | D:9      | Noticed a soul eater
  9621 | D:9      | 9621 ||| Stepping ~*~*~tactically~*~*~ (stealth).
  9814 | D:9      | 9814 ||| READING scroll of enchant weapon.
  9814 | D:9      | 9814 ||| ENCHANTING +2 war axe.
  9817 | D:9      | 9817 ||| INVOKING Heroism.
  9860 | D:9      | 9860 ||| Stepping ~*~*~tactically~*~*~ (stealth).
  9948 | D:9      | 9948 ||| Stepping ~*~*~tactically~*~*~ (stealth).
  9956 | D:9      | 9956 ||| INVOKING Heroism.
  9963 | D:9      | Reached skill level 12 in Axes
 10083 | D:9      | 10083 ||| FLEEEEING.
 10090 | D:9      | 10090 ||| FLEEEEING.
 10091 | D:9      | 10091 ||| FLEEEEING.
 10092 | D:9      | 10092 ||| INVOKING Heroism.
 10104 | D:9      | Killed a death yak
 10104 | D:9      | Reached *** piety under Okawaru
 10105 | D:9      | Reached skill level 6 in Shields
 10105 | D:9      | HP: 17/71 [death yak (15)]
 10107 | D:9      | Slain by a death yak

Levels and vault maps discovered:
D:1:      kennysheep_arrival_seaside, layout_basic
D:2:      layout_loops_corners
D:3:      layout_loops_ring, grunt_temple_overflow_cloverleaf,
          cheibrodos_sewer_entry_sluice,
          hellmonk_ecumenical_altar_defaced_shrine, kennysheep_generic_room_9,
          uniq_natasha, uniq_ijyb, uniq_robin
D:4:      layout_rooms, minmay_misc_feat_enclosed, item_on_display_a,
          uniq_crazy_yiuf_cottage
D:5:      layout_rooms, kiku_gazebo_garden_becter, minmay_temple_entry_waves
D:6:      layout_loops_ring, lemuel_round_altar, uniq_blork_the_orc,
          uniq_duvessa, uniq_edmund
D:7:      layout_basic, serial_shops, shop_fountains, kennysheep_path_1,
          uniq_pikel
D:8:      layout_basic, minmay_ruined_shrine, uniq_maggie
D:9:      layout_loops_cross, dpeg_lair_monsters, nicolae_benzene_ring,
          corner_web_ring, st_stairs_13
Temple:   lightli_temple_of_artemis

Skill      XL: |  1  2  3  4  5  6  7  8  9 10 11 |
---------------+----------------------------------+-----
Axes           | 2 3 4 5 6 7 8 9 11 12 | 12.0
Fighting       | 4 5 6 8 9 |  9.4
Dodging        | 1 2 |  2.1
Armour         | 4 5 6 7 |  7.3
Throwing       | 1 |  1.0
Invocations    | 2 4 |  4.0
Shields        | 4 5 6 |  6.2

Action                     |  1- 3 |  4- 6 |  7- 9 | 10-12 || total
---------------------------+-------+-------+-------+-------++-------
  Melee: War axe           |   115 |   169 |   311 |   281 ||   876
  Throw: Boomerang         |     7 |    56 |    26 |     4 ||    93
 Invoke: Heroism           |       |       |    13 |    18 ||    31
    Use: Scroll            |     4 |     8 |     6 |     5 ||    23
         Potion            |       |     1 |     3 |       ||     4
 Armour: Scale mail        |    23 |       |       |       ||    23
         Chain mail        |    20 |   143 |   165 |   125 ||   453
  Dodge: Dodged            |    47 |    57 |    93 |    99 ||   296
  Block: Buckler           |    20 |    36 |    52 |    59 ||   167

Table legend:
 A = Non-vault XP
 B = Vault XP
 C = Vault XP percentage of total XP
 D = Non-vault monster count
 E = Vault monster count
 F = Vault count percentage of total count
                 A         B        C        D         E       F
            +---------+---------+-------+---------+---------+-------
      Total |    7198 |    6453 |  47.3 |     195 |      40 |  17.0
            +---------+---------+-------+---------+---------+-------
        D:1 |      46 |       0 |   0.0 |      26 |       0 |   0.0
        D:2 |      44 |       0 |   0.0 |      20 |       0 |   0.0
        D:3 |      94 |     119 |  55.9 |      13 |      17 |  56.7
        D:4 |     512 |       0 |   0.0 |      28 |       0 |   0.0
        D:5 |     565 |       0 |   0.0 |       8 |       0 |   0.0
        D:6 |    1184 |     484 |  29.0 |      32 |       4 |  11.1
        D:7 |     719 |     617 |  46.2 |      17 |       1 |   5.6
        D:8 |    1148 |    1559 |  57.6 |      22 |       7 |  24.1
        D:9 |    2886 |    3538 |  55.1 |      29 |       5 |  14.7
      Sewer |       0 |     136 | 100.0 |       0 |       6 | 100.0
            +---------+---------+-------+---------+---------+-------
